[Event "Charlotte Spring IM Invitational 2021"]
[Site "Charlotte"]
[Date "2021.03.18"]
[Round "2.1"]
[White "Matros, Alexander"]
[Black "Vijay, Keerthi K."]
[Result "1/2-1/2"]
[ECO "D13"]
[WhiteElo "2380"]
[BlackElo "2260"]
[Annotator "NA"]
[PlyCount "63"]
[EventDate "2021.03.17"]
[EventType "tourn"]
[EventCountry "USA"]
[SourceTitle "playchess.com"]
[Source "ChessBase"]
[SourceQuality "1"]
[TimeControl "5400+30"]

1. d4 d5 2. c4 c6 3. cxd5 cxd5 4. Bf4 Nf6 5. e3 e6 6. Nc3 Bd6 7. Bg3 Nc6 8. Nf3 Ne4 9. Bb5 Bb4 10. O-O Bxc3 11. bxc3 O-O 12. Qb3 Na5 13. Qb4 Qb6 14. Rfc1 f6 15. Rab1 Nxg3 16. hxg3 a6 17. Bd3 Qxb4 18. cxb4 Nc6 19. a4 a5 20. b5 Nb4 21. Rb3 Rf7 22. Bb1 b6 23. Rbc3 Bb7 24. g4 g5 25. Rc7 Raf8 26. Kf1 Kg7 27. Ke2 h6 28. Nd2 Rxc7 29. Rxc7+ Rf7 30. Rc1 Rf8 31. Rc7+ Rf7 32. Rc1 1/2-1/2

[Event "Charlotte Spring IM Invitational 2021"]
[Site "Charlotte"]
[Date "2021.03.18"]
[Round "2.2"]
[White "Griffith, Kyron"]
[Black "Canty, James"]
[Result "1-0"]
[ECO "A68"]
[WhiteElo "2372"]
[BlackElo "2221"]
[Annotator "NA"]
[PlyCount "65"]
[EventDate "2021.03.17"]
[EventType "tourn"]
[EventCountry "USA"]
[SourceTitle "playchess.com"]
[Source "ChessBase"]
[SourceQuality "1"]
[TimeControl "5400+30"]

1. d4 Nf6 2. c4 g6 3. Nc3 Bg7 4. e4 d6 5. f4 O-O 6. Nf3 c5 7. d5 e6 8. Be2 exd5 9. cxd5 b5 10. e5 dxe5 11. fxe5 Ng4 12. Bxb5 Nxe5 13. O-O Qb6 14. Nxe5 Bxe5 15. Bh6 Rd8 16. Qf3 f5 17. Rae1 Bd4+ 18. Kh1 Nd7 19. Bc6 Rb8 20. Bf4 Ba6 21. Bxd7 Rxd7 22. Re6 Bxf1 23. Rxb6 Rxb6 24. Qxf1 Rxb2 25. Qe1 Rdb7 26. h4 Rc2 27. Qe8+ Kg7 28. h5 gxh5 29. Be5+ Bxe5 30. Qxe5+ Kg6 31. d6 Rd2 32. Qe6+ Kg7 33. Nd5 1-0

[Event "Charlotte Spring IM Invitational 2021"]
[Site "Charlotte"]
[Date "2021.03.19"]
[Round "3.1"]
[White "Chasin, Nico"]
[Black "Matros, Alexander"]
[Result "0-1"]
[ECO "C41"]
[WhiteElo "2293"]
[BlackElo "2380"]
[Annotator "ChessBase"]
[PlyCount "60"]
[EventDate "2021.03.17"]
[EventType "tourn"]
[EventCountry "USA"]
[SourceTitle "playchess.com"]
[Source "ChessBase"]
[SourceQuality "1"]
[TimeControl "5400+30"]

1. d4 d6 2. e4 Nf6 3. Nc3 e5 4. Nf3 Nbd7 5. g4 Nxg4 6. Rg1 Ngf6 7. Be3 c6 8. Qd2 b5 9. Bd3 g6 10. a4 b4 11. Ne2 exd4 12. Nexd4 c5 13. Ne2 Bg7 14. Bh6 Bxh6 15. Qxh6 Qe7 16. O-O-O Bb7 17. Nd2 O-O-O 18. Nc4 Nb6 19. Na5 Nxa4 20. Qh3+ Kc7 21. Nxb7 Kxb7 22. Qg2 Qe5 23. Kd2 d5 24. exd5 Qxd5 25. Qxd5+ Rxd5 26. Kc1 Nb6 27. Ng3 Re8 28. f4 Kc7 29. f5 g5 30. c3 Re3 0-1

[Event "Charlotte Spring IM Invitational 2021"]
[Site "Charlotte"]
[Date "2021.03.19"]
[Round "4.2"]
[White "Wang, Tianqi"]
[Black "Martin Del Campo C., Roberto"]
[Result "1/2-1/2"]
[ECO "B23"]
[WhiteElo "2305"]
[BlackElo "2295"]
[Annotator "NA RC"]
[PlyCount "81"]
[EventDate "2021.03.17"]
[EventType "tourn"]
[EventCountry "USA"]
[SourceTitle "playchess.com"]
[Source "ChessBase"]
[SourceQuality "1"]
[TimeControl "5400+30"]

1. e4 c5 2. Nc3 e6 3. f4 d5 4. Nf3 Nc6 5. Bb5 Nge7 6. Ne5 Qd6 7. d3 a6 8. Bxc6+ Nxc6 9. Nxc6 Qxc6 10. exd5 exd5 11. Qe2+ Be7 12. O-O d4 13. Re1 O-O 14. Qxe7 dxc3 15. bxc3 Be6 16. Be3 b6 17. Qg5 Rad8 18. c4 Bc8 19. Re2 Rd6 20. Rae1 f5 21. Bc1 Rg6 22. Qh4 Bb7 23. Qh3 Qf6 24. Qe3 Qc6 25. Qd2 Qf6 26. Rf2 h5 27. Re5 h4 28. h3 Rg3 29. Bb2 Qc6 30. Re7 Rf7 31. Rxf7 Kxf7 32. Kf1 b5 33. cxb5 axb5 34. Qe2 Kf8 35. Be5 b4 36. Rf3 Rg6 37. Rf2 Qd5 38. Qh5 Rxg2 39. Bd6+ Kg8 40. Qe8+ Kh7 41. Qh5+ 1/2-1/2

[Event "Charlotte Spring IM Invitational 2021"]
[Site "Charlotte"]
[Date "2021.03.19"]
[Round "4.3"]
[White "Adamson, Robby"]
[Black "Canty, James"]
[Result "1-0"]
[ECO "B22"]
[WhiteElo "2235"]
[BlackElo "2221"]
[Annotator "ChessBase"]
[PlyCount "231"]
[EventDate "2021.03.17"]
[EventType "tourn"]
[EventCountry "USA"]
[SourceTitle "playchess.com"]
[Source "ChessBase"]
[SourceQuality "1"]
[TimeControl "5400+30"]

1. e4 c5 2. c3 g6 3. d4 cxd4 4. cxd4 d5 5. e5 Bg7 6. Nc3 Nc6 7. Bb5 f6 8. Nf3 e6 9. Bxc6+ bxc6 10. O-O Ne7 11. exf6 Bxf6 12. Bg5 O-O 13. Bxf6 Rxf6 14. Na4 Ba6 15. Re1 Qf8 16. Nc5 Bc8 17. Rc1 Rb8 18. b3 Nf5 19. Ne5 Qd6 20. Qd2 a5 21. a3 Ra8 22. Re2 Ba6 23. Ree1 Bc8 24. Rc3 Ra7 25. Nxc6 Rc7 26. Ne5 Rf8 27. Rec1 Qe7 28. g3 Nd6 29. a4 Bb7 30. f3 Nf7 31. Nxf7 Rxf7 32. Re3 Qf6 33. f4 Bc8 34. Re5 Ra7 35. Rce1 Rfe7 36. Qc3 h6 37. Qe3 Kf7 38. h4 h5 39. Rg5 Bd7 40. Qc3 Be8 41. Rge5 Bd7 42. Kh2 Bc8 43. R1e2 Bd7 44. Qd2 Bc8 45. Re1 Bd7 46. Rc1 Be8 47. Rg5 Rec7 48. Rc3 Kf8 49. Qe1 Bf7 50. Re5 Kg7 51. Qe3 Rc6 52. Rc1 Rb6 53. Rc3 Re7 54. Kg2 Ra7 55. Rg5 Rb4 56. Re5 Rb6 57. Qe1 Rb4 58. Rd3 Rb6 59. Rd2 Bg8 60. Rde2 Bf7 61. Qd2 Rb4 62. Qd3 Rb6 63. Rb2 Rb4 64. Rc2 Rb6 65. Rc3 Rb4 66. Qe3 Rb6 67. Rg5 Rb4 68. Rd3 Rb6 69. Qe5 Rb4 70. Kf2 Rb6 71. Ke2 Rb4 72. Kd2 Rb6 73. Kc2 Rb4 74. Kb2 Rb6 75. Ka3 Rb4 76. Qxf6+ Kxf6 77. Re5 Rb6 78. Rde3 Re7 79. Rd3 Ra7 80. Ree3 Rb4 81. Rd2 Re7 82. Kb2 Ra7 83. Kc3 Rc7 84. Kc2 Ra7 85. Rc3 Ke7 86. Kd3 Kf6 87. Ke3 Ke7 88. Nd3 Rb6 89. Ne5 Be8 90. Rdd3 Rab7 91. Kd2 Rb8 92. Kc2 Kd6 93. Rc5 Ra8 94. Rdc3 Rb4 95. Rc8 Rxc8 96. Rxc8 Bxa4 97. bxa4 Rxa4 98. Rc6+ Ke7 99. Rc7+ Ke8 100. Rg7 Rxd4 101. Rg8+ Ke7 102. Nc6+ Kf7 103. Nxd4 Kxg8 104. Nxe6 Kf7 105. Nd4 Ke7 106. Kd3 Kd6 107. Kc3 Kc5 108. Nb3+ Kd6 109. Nxa5 Ke6 110. Kd3 Kf5 111. Ke3 Kg4 112. Kf2 Kh3 113. Nb3 Kh2 114. Nd4 Kh3 115. Kf3 Kh2 116. g4 1-0

[Event "Charlotte Spring IM Invitational 2021"]
[Site "Charlotte"]
[Date "2021.03.19"]
[Round "4.4"]
[White "Oberoi, Shelev"]
[Black "Griffith, Kyron"]
[Result "1/2-1/2"]
[ECO "B22"]
[WhiteElo "2199"]
[BlackElo "2372"]
[Annotator "NA"]
[PlyCount "130"]
[EventDate "2021.03.17"]
[EventType "tourn"]
[EventCountry "USA"]
[SourceTitle "playchess.com"]
[Source "ChessBase"]
[SourceQuality "1"]
[TimeControl "5400+30"]

1. e4 c5 2. c3 d5 3. exd5 Qxd5 4. Nf3 Nf6 5. d4 e6 6. Na3 Nc6 7. Nb5 Qd8 8. dxc5 Bxc5 9. Qxd8+ Kxd8 10. b4 Be7 11. Bg5 Bd7 12. O-O-O Rc8 13. Kb2 a6 14. Nd6 Bxd6 15. Rxd6 Ke7 16. Rd1 Rhd8 17. Bd3 h6 18. Be3 Nd5 19. Bc5+ Kf6 20. Nd2 g6 21. Nc4 Be8 22. Be4 Rb8 23. Nb6 Nxb6 24. Bxb6 Rxd1 25. Rxd1 Ke7 26. a4 f5 27. Bc2 Rc8 28. Bb3 g5 29. Bc5+ Kf6 30. Rd6 Bf7 31. Rd7 b5 32. a5 Kg6 33. Bb6 h5 34. Rd6 Kf6 35. Bd4+ Ke7 36. Bc5 Kf6 37. Bd5 Nxa5 38. Bd4+ Ke7 39. Rxa6 Nc4+ 40. Bxc4 Rxc4 41. Ra7+ Ke8 42. Bc5 Re4 43. Rb7 e5 44. Re7+ Kf8 45. Rxe5+ Kg7 46. Rxf5 Kg6 47. Rf3 Re2+ 48. Kc1 Bd5 49. Re3 Rxe3 50. Bxe3 Bxg2 51. c4 bxc4 52. Kc2 Kf5 53. Kc3 Bd5 54. Kd4 Be6 55. b5 Bc8 56. Kxc4 Bb7 57. Kc5 g4 58. Kd6 Ke4 59. Bg5 Kf3 60. Bh4 Kg2 61. Bg3 Kh3 62. b6 h4 63. Bf4 Kg2 64. Bg5 Kh3 65. Ke5 g3 1/2-1/2

[Event "Charlotte Spring IM Invitational 2021"]
[Site "Charlotte"]
[Date "2021.03.20"]
[Round "6.4"]
[White "Vijay, Keerthi K."]
[Black "Canty, James"]
[Result "1-0"]
[ECO "B30"]
[WhiteElo "2260"]
[BlackElo "2221"]
[Annotator "NA RC"]
[PlyCount "63"]
[EventDate "2021.03.17"]
[EventType "tourn"]
[EventCountry "USA"]
[SourceTitle "playchess.com"]
[Source "ChessBase"]
[SourceQuality "1"]
[TimeControl "5400+30"]

1. e4 c5 2. Nf3 Nc6 3. b3 Nf6 4. e5 Nd5 5. c4 Nf4 6. g3 Ng6 7. Bb2 d5 8. cxd5 Qxd5 9. Nc3 Qd8 10. Ne4 Qd5 11. Nc3 Qd8 12. Na4 b6 13. Bg2 Ba6 14. d4 cxd4 15. Bxd4 e6 16. a3 Rc8 17. Bb2 Qc7 18. Rc1 Qb8 19. h4 Be7 20. h5 O-O 21. hxg6 Rfd8 22. gxf7+ Kf8 23. Nd2 Nxe5 24. Be4 Bf6 25. Rxh7 Kxf7 26. Rxc8 Rxc8 27. Qh5+ Ke7 28. f4 Qd6 29. fxe5 Rc1+ 30. Bxc1 Bxe5 31. Qg5+ Ke8 32. Rh8+ 1-0

[Event "Charlotte Spring IM Invitational 2021"]
[Site "Charlotte"]
[Date "2021.03.21"]
[Round "7.1"]
[White "Griffith, Kyron"]
[Black "Matros, Alexander"]
[Result "1/2-1/2"]
[ECO "B32"]
[WhiteElo "2372"]
[BlackElo "2380"]
[Annotator "ChessBase"]
[PlyCount "50"]
[EventDate "2021.03.17"]
[EventType "tourn"]
[EventCountry "USA"]
[SourceTitle "playchess.com"]
[Source "ChessBase"]
[SourceQuality "1"]
[TimeControl "5400+30"]

1. e4 c5 2. Nf3 Nc6 3. d4 cxd4 4. Nxd4 e5 5. Nb5 d6 6. c4 Be7 7. N1c3 a6 8. Na3 Nf6 9. Be2 Be6 10. Be3 O-O 11. O-O Rc8 12. Rc1 Ne8 13. Qd2 h6 14. Rfd1 Bg5 15. Nc2 Bxe3 16. Qxe3 Qa5 17. a3 Qc5 18. Qd2 Nf6 19. b4 Qb6 20. h3 Rfd8 21. Rb1 Rd7 22. Bf1 Ne7 23. Ne3 Nc6 24. Nc2 Ne7 25. Ne3 Nc6 1/2-1/2

[Event "Charlotte Spring IM Invitational 2021"]
[Site "Charlotte"]
[Date "2021.03.21"]
[Round "7.4"]
[White "Andrianov, Nikolay"]
[Black "Oberoi, Shelev"]
[Result "1-0"]
[ECO "B13"]
[WhiteElo "1816"]
[BlackElo "2161"]
[Annotator "ChessBase"]
[PlyCount "83"]
[EventDate "2021.03.17"]
[EventType "tourn"]
[EventCountry "USA"]
[SourceTitle "playchess.com"]
[Source "ChessBase"]
[SourceQuality "1"]
[TimeControl "5400+30"]

1. d4 Nf6 2. Nf3 g6 3. Bf4 Bg7 4. e3 c5 5. Be2 cxd4 6. exd4 d5 7. c3 O-O 8. O-O Nc6 9. Nbd2 Nh5 10. Be3 Qd6 11. Re1 b6 12. Nf1 Bd7 13. Qd2 e5 14. dxe5 Nxe5 15. Nxe5 Qxe5 16. Bf3 Qd6 17. Bxd5 Qc7 18. Bxa8 Rxa8 19. Bd4 Bc6 20. Bxg7 Kxg7 21. Rad1 Qc8 22. Ng3 Nf6 23. Qd4 Qb7 24. f3 Qa6 25. a3 Qb5 26. Re5 Qa4 27. c4 h6 28. Nf5+ Kh7 29. Re7 Rf8 30. Nd6 Kg7 31. Rc7 Ba8 32. Re1 Qc2 33. h3 g5 34. Ne8+ Rxe8 35. Rxe8 Bxf3 36. gxf3 Qc1+ 37. Kf2 Qh1 38. Rc6 Qh2+ 39. Ke1 Qg3+ 40. Kd2 Qg2+ 41. Re2 Qxf3 42. Qxf6+ 1-0

[Event "Charlotte Spring IM Invitational 2021"]
[Site "Charlotte"]
[Date "2021.03.21"]
[Round "7.5"]
[White "Wang, Tianqi"]
[Black "Adamson, Robby"]
[Result "1/2-1/2"]
[ECO "B23"]
[WhiteElo "2307"]
[BlackElo "2239"]
[Annotator "ChessBase"]
[PlyCount "44"]
[EventDate "2021.03.17"]
[EventType "tourn"]
[EventCountry "USA"]
[SourceTitle "playchess.com"]
[Source "ChessBase"]
[SourceQuality "1"]
[TimeControl "5400+30"]

1. e4 c5 2. Nc3 Nc6 3. Bb5 Nd4 4. Nf3 a6 5. Bd3 g6 6. b4 d6 7. bxc5 dxc5 8. h3 Bg7 9. O-O e6 10. Re1 Ne7 11. Rb1 Nec6 12. Bf1 Qa5 13. Bb2 O-O 14. a3 Rd8 15. Nxd4 Bxd4 16. Qf3 Be5 17. Qe3 Nd4 18. Rbc1 b5 19. Kh1 Qc7 20. g3 Bb7 21. Bg2 Nc6 22. Nd1 b4 1/2-1/2

[Event "Charlotte Spring IM Invitational 2021"]
[Site "Charlotte"]
[Date "2021.03.21"]
[Round "8.1"]
[White "Matros, Alexander"]
[Black "Wang, Tianqi"]
[Result "1/2-1/2"]
[ECO "D00"]
[WhiteElo "2380"]
[BlackElo "2305"]
[Annotator "ChessBase"]
[PlyCount "41"]
[EventDate "2021.03.17"]
[EventType "tourn"]
[EventCountry "USA"]
[SourceTitle "playchess.com"]
[Source "ChessBase"]
[SourceQuality "1"]
[TimeControl "5400+30"]

1. d4 Nf6 2. Nc3 d5 3. Bf4 g6 4. e3 Bg7 5. h4 h5 6. Nf3 Bg4 7. Be2 Bxf3 8. Bxf3 c6 9. Qd3 Nbd7 10. O-O-O Qa5 11. Kb1 O-O-O 12. e4 dxe4 13. Nxe4 Nxe4 14. Qxe4 e6 15. Rhe1 Nf6 16. Qe5 Qxe5 17. Bxe5 Ne8 18. c4 Bxe5 19. dxe5 Rxd1+ 20. Rxd1 Ng7 21. Be4 1/2-1/2

[Event "Charlotte Spring IM Invitational 2021"]
[Site "Charlotte"]
[Date "2021.03.21"]
[Round "8.2"]
[White "Oberoi, Shelev"]
[Black "Adamson, Robby"]
[Result "1-0"]
[ECO "B22"]
[WhiteElo "2199"]
[BlackElo "2235"]
[Annotator "ChessBase"]
[PlyCount "92"]
[EventDate "2021.03.17"]
[EventType "tourn"]
[EventCountry "USA"]
[SourceTitle "playchess.com"]
[Source "ChessBase"]
[SourceQuality "1"]
[TimeControl "5400+30"]

1. e4 c5 2. c3 d5 3. exd5 Qxd5 4. Nf3 Nc6 5. d4 Bf5 6. Be3 cxd4 7. Nxd4 Nf6 8. Qb3 Nxd4 9. Bxd4 Qe4+ 10. Be3 Be6 11. Qb5+ Bd7 12. Nd2 Qc6 13. Qxc6 Bxc6 14. Nc4 Nd5 15. Ne5 Nxe3 16. fxe3 e6 17. a4 Bc5 18. Bb5 Bxb5 19. axb5 Ke7 20. Ke2 Rhd8 21. Nd3 Rdc8 22. Ra4 Bd6 23. h3 Bc5 24. c4 Bb6 25. Rc1 Bc7 26. c5 Bb8 27. Rca1 f5 28. g4 g6 29. gxf5 exf5 30. b6 a6 31. b4 Bh2 32. b5 a5 33. Rxa5 Rab8 34. Rh1 Bg3 35. Kf3 Bh4 36. Ra7 Ke6 37. Nf4+ Ke5 38. Ra4 Be7 39. Nd3+ Ke6 40. Rc1 g5 41. Rac4 h5 42. c6 bxc6 43. Rxc6+ Kd7 44. Ne5+ Kd8 45. Rc7 g4+ 46. hxg4 hxg4+ 1-0

[Event "Charlotte Spring IM Invitational 2021"]
[Site "Charlotte"]
[Date "2021.03.21"]
[Round "8.3"]
[White "Vijay, Keerthi K."]
[Black "Griffith, Kyron"]
[Result "0-1"]
[ECO "B12"]
[WhiteElo "2260"]
[BlackElo "2372"]
[Annotator "ChessBase"]
[PlyCount "115"]
[EventDate "2021.03.17"]
[EventType "tourn"]
[EventCountry "USA"]
[SourceTitle "playchess.com"]
[Source "ChessBase"]
[SourceQuality "1"]
[TimeControl "5400+30"]

1. e4 c6 2. d4 d5 3. f3 g6 4. c4 dxe4 5. fxe4 e5 6. Nf3 exd4 7. Qxd4 Qxd4 8. Nxd4 Bg7 9. Nb3 a5 10. Nc3 a4 11. Nc5 a3 12. Rb1 Nf6 13. bxa3 Nfd7 14. N3a4 O-O 15. Bd3 Rd8 16. Be2 Bf8 17. Nxd7 Nxd7 18. Bd1 Nc5 19. Nxc5 Bxc5 20. Bc2 b6 21. Bb2 Be6 22. Bb3 Rd3 23. Rd1 Re3+ 24. Kd2 Rxe4 25. Rhe1 Rg4 26. g3 Bxc4 27. Kc2 Bxa3 28. Bxa3 Rxa3 29. Rd8+ Kg7 30. Kb2 Ra7 31. h3 Bxb3 32. hxg4 Bd5 33. a3 Ra4 34. g5 Rg4 35. Re5 b5 36. Re3 Rxg5 37. Kc3 Rg4 38. Kd2 h5 39. Ke2 Rc4 40. Kf2 Kf6 41. Rde8 Kg5 42. Rh8 Kg4 43. Rhe8 f5 44. R8e7 g5 45. Rg7 Be4 46. Rg8 Rc2+ 47. Kf1 Bf3 48. Rb3 Be4 49. Rg7 Bg2+ 50. Ke1 Bd5 51. Rd3 Rb2 52. Rc3 f4 53. gxf4 Kxf4 54. Rg6 g4 55. Rh6 Kg5 56. Rh7 h4 57. Rd3 h3 58. Rd1 0-1

[Event "Charlotte Spring IM Invitational 2021"]
[Site "Charlotte"]
[Date "2021.03.21"]
[Round "8.4"]
[White "Chasin, Nico"]
[Black "Martin Del Campo C., Roberto"]
[Result "1-0"]
[ECO "A53"]
[WhiteElo "2293"]
[BlackElo "2295"]
[Annotator "ChessBase"]
[PlyCount "81"]
[EventDate "2021.03.17"]
[EventType "tourn"]
[EventCountry "USA"]
[SourceTitle "playchess.com"]
[Source "ChessBase"]
[SourceQuality "1"]
[TimeControl "5400+30"]

1. d4 Nf6 2. c4 d6 3. Nc3 Bf5 4. f3 e5 5. d5 e4 6. Be3 h5 7. g3 Nbd7 8. Nh3 Qe7 9. Qd4 exf3 10. exf3 Ne5 11. Kf2 g6 12. Bg5 Bg7 13. Qh4 O-O 14. Ng1 Rfe8 15. Rd1 Bc2 16. Rd2 Nfg4+ 17. fxg4 f6 18. Bf4 g5 19. Qxh5 Bg6 20. Qh3 gxf4 21. Re2 Bd3 22. gxf4 Bxe2 23. Bxe2 Ng6 24. Qg3 f5 25. gxf5 Nh4 26. Qd3 Qf6 27. Bg4 Re7 28. Nge2 Rae8 29. Rg1 Kf8 30. Rg3 Qh6 31. Nd1 Re4 32. Rh3 Bf6 33. b3 R8e7 34. Bf3 Rxe2+ 35. Bxe2 Qxf4+ 36. Kg1 Nxf5 37. Nf2 Bd4 38. Rf3 Rg7+ 39. Kh1 Bxf2 40. Qxf5+ Kg8 41. Rxf2 1-0